 Dungeon Crawl Stone Soup version 0.30-a0-1155-gf8af5b4991 (webtiles) character file.

Game seed: 1415702787720866264

1258 CryoSword the Zephyrmancer (level 8, -6/41 HPs)
             Began as a Tengu Air Elementalist on Apr 24, 2023.
             Mangled by an ogre
             ... wielding a +0 giant club
              (26 damage)
             ... on level 5 of the Dungeon.
             The game lasted 00:07:41 (7201 turns).

CryoSword the Zephyrmancer (Tengu Air Elementalist) Turns: 7201, Time: 00:07:42

Health: -6/41      AC:  4    Str:  8    XL:     8   Next: 51%
Magic:  6/12       EV: 18    Int: 17    God:
Gold:   546        SH:  0    Dex: 22    Spells: 1/11 levels left

rFire   . . .        y - +4 dagger (speed)
rCold   . . .        (no shield)
rNeg    . . .        s - +1 animal skin
rPois   .            (helmet restricted)
rElec   .            (no cloak)
rCorr   .            c - +0 pair of gloves
SInv    .            (boots unavailable)
Will    .....        (no amulet)
Stlth   ++           l - +6 ring of dexterity
HPRegen 0.26/turn    (no ring)
MPRegen 0.13/turn

%: no passive effects
@: sluggish, flying quickly and evasively, very slow
A: beak, talons 3, nimble flight
a: no special abilities


You were on level 5 of the Dungeon.
You visited 1 branch of the dungeon, and saw 6 of its levels.

You collected 546 gold pieces.

Inventory:

Hand Weapons
 y - a +4 dagger of speed (weapon)
   (You took it off Dowan on level 5 of the Dungeon)
Missiles
 u - 7 poisoned darts
Armour
 c - a +0 pair of gloves (worn)
   (You found it on level 4 of the Dungeon)
 s - a +1 animal skin (worn)
   (You took it off Robin on level 3 of the Dungeon)
Jewellery
 l - a +6 ring of dexterity (left hand)
   (You found it on level 2 of the Dungeon)
Wands
 a - a wand of iceblast (10) (quivered)
   (You found it on level 3 of the Dungeon)
 o - a wand of quicksilver (4)
   (You found it on level 3 of the Dungeon)
Scrolls
 e - a scroll of blinking {unknown}
 h - 2 scrolls of noise {unknown}
 k - 4 scrolls of teleportation {@r4}
 p - a scroll of fear
 q - a scroll of vulnerability {unknown}
 r - a scroll of brand weapon {unknown}
 w - a scroll of fog {unknown}
 x - a scroll of amnesia {unknown}
Potions
 b - a potion of magic
 d - a potion of cancellation {unknown}
 i - 2 potions of haste {@q3}
 j - a potion of lignification {unknown}
 m - 3 potions of brilliance
 n - 4 potions of curing {@q1}
 t - a potion of mutation {unknown}
 v - a potion of flight {unknown}


   Skills:
 + Level 5.2 Dodging
 - Level 2.0 Stealth
 - Level 2.0 Spellcasting
 * Level 8.3 Conjurations
 * Level 9.2 Air Magic


You had one spell level left.
You knew the following spells:

 Your Spells              Type           Power      Damage    Failure   Level
a - Shock                 Conj/Air       100%       1d9       1%          1
b - Static Discharge      Conj/Air       62%        2-5/arc   1%          2
c - Airstrike             Air            16%        2d(3-19)  4%          4
S - Swiftness             Air            33%        N/A       1%          3

Your spell library contained the following spells:

 Spells                   Type           Power      Damage    Failure   Level
 Magic Dart               Conj           100%       1d8       1%          1
 Mephitic Cloud           Conj/Pois/Air  21%        N/A       5%          3
 Call Imp                 Summ           2%         N/A       28%         2


Dungeon Overview and Level Annotations

Branches:
Dungeon (6/15)
 Temple: D:4-7

Altars:
Ashenzari
Cheibriados
Fedhas
Trog

Shops:
D:5 :


Innate Abilities, Weirdness & Mutations

You have a beak for a mouth.
You have claws for feet.
Your magical nature lets you fly swiftly and evasively.


Message History

You are engulfed in a cloud of scalding steam.
You are engulfed in a cloud of scalding steam.
Aim: a steam dragon (heavily wounded, 74% to hit)
The zap hits the steam dragon but does no damage.
The steam dragon breathes steam at you. The ball of steam hits you!
* * * LOW HITPOINT WARNING * * *
Aim: a steam dragon (heavily wounded, 74% to hit)
Okay, then.
There is a stone staircase leading up here.
You fly upwards.
There is a stone staircase leading down here.
You start resting.
You start resting.
You fly downwards.
There is a stone staircase leading up here.
Aim: a steam dragon (moderately wounded, 74% to hit)
The zap misses the steam dragon.
The steam dragon breathes steam at you. The ball of steam hits you!!
Ouch! That really hurt!
* * * LOW HITPOINT WARNING * * *
You are engulfed in a cloud of scalding steam.
* * * LOW HITPOINT WARNING * * *
You fly upwards.
There is a stone staircase leading down here.
There is a stone staircase leading down here.
You start resting.
You start resting.
You fly downwards.
Found a book of Hexes and a quarterstaff.
Found a stone staircase leading down.
There is a stone staircase leading up here.
You fly upwards.
There is a stone staircase leading down here.
There is an open door here.
Items here: )) [[.
There is a stone staircase leading down here.
You fly downwards.
There is a stone staircase leading up here.
The zap hits the orc.
The orc shouts!
The zap hits the orc but does no damage.
The zap hits the orc priest.
The orc priest shouts!
The zap hits the orc priest!
The orc shouts!
The orc wizard shouts!
The orc shouts!
The zap hits the orc wizard.
The zap misses the orc priest.
The orc completely misses you.
The orc priest invokes the aid of Beogh against you.
Beogh smites you!
You fly upwards.
There is a stone staircase leading down here.
The orc is struck by an arc of lightning.
You are struck by an arc of lightning.
The orc is struck by an arc of lightning.
You kill the orc!
You are struck by an arc of lightning.
The lightning grounds out.
You start resting.
You start resting.
You fly downwards.
The orc priest invokes the aid of Beogh against you.
Beogh smites you! The wight barely misses you.
The orc throws a silver boomerang.
The silver boomerang barely misses you. The wight barely misses you.
There is a stone staircase leading up here.
The ogre shouts!
The wight closely misses you.
The orc wizard casts a spell.
The orc wizard flickers and vanishes!
Deactivating autopickup; reactivate with Ctrl-A.
You fly upwards.
Reactivating autopickup.
There is a stone staircase leading down here.
The wight is struck by an arc of lightning.
You are struck by an arc of lightning.
The wight is struck by an arc of lightning.
The lightning grounds out.
The wight completely misses you.
The wight is struck by an arc of lightning.
You are struck by an arc of lightning.
The wight is struck by an arc of lightning.
You are struck by an arc of lightning.
* * * LOW HITPOINT WARNING * * *
The lightning grounds out.
The wight closely misses you.
The wight is struck by an arc of lightning.
You destroy the wight!
You are struck by an arc of lightning.
* * * LOW HITPOINT WARNING * * *
The lightning grounds out.
Your Air Magic skill increases to level 9!
Things that are here:
a +0 hand axe; an orc corpse
There is an open door here.
There is a stone staircase leading down here.
You start resting.
You start resting.
You fly downwards.
There is a stone staircase leading up here.
Aim: a wight, wielding a +4 dire flail and wearing a +0 robe (74% to hit)
The zap hits the wight.
Aim: a wight, wielding a +4 battleaxe and wearing a +0 robe (74% to hit)
The zap hits the wight.
Aim: a wight, wielding a +4 battleaxe and wearing a +0 robe (lightly damaged, 74% to hit)
The zap hits the wight!
Aim: a wight, wielding a +4 battleaxe and wearing a +0 robe (severely damaged, 74% to hit)
The zap hits the wight but does no damage.
Aim: a wight, wielding a +4 battleaxe and wearing a +0 robe (severely damaged, 74% to hit)
The zap hits the wight!
You destroy the wight!
There is a stone staircase leading up here.
The zap hits the wight.
The zap hits the ogre!
The zap hits the ogre.
The wight closely misses you.
You fly upwards.
There is a stone staircase leading down here.
The wight is struck by an arc of lightning.
You are struck by an arc of lightning.
The lightning grounds out.
The wight misses you.
The wight is struck by an arc of lightning!
You destroy the wight!
You are struck by an arc of lightning.
You start resting.
You start resting.
You fly downwards.
The ogre hits you with a +0 giant club!!
Ouch! That really hurt!
* * * LOW HITPOINT WARNING * * *
There is a stone staircase leading up, spattered with blood here.
The ogre closely misses you.
You fly upwards.
There is a stone staircase leading down here.
You feel quick. The ogre misses you.
Things that are here:
a +0 robe; a +4 dire flail
Aim: an ogre, wielding a +0 giant club (lightly wounded, 88% to hit)
The zap hits the ogre.
You start to feel a little slower.
Aim: an ogre, wielding a +0 giant club (lightly wounded, 88% to hit)
The zap hits the ogre.
You feel sluggish.
The zap misses the ogre.
The ogre is struck by an arc of lightning.
You are struck by an arc of lightning.
The ogre is struck by an arc of lightning.
You are struck by an arc of lightning.
* * * LOW HITPOINT WARNING * * *
The lightning grounds out.
You start to feel a little faster.
The ogre hits you with a +0 giant club!!
Ouch! That really hurt!
You die...

#............+.........'......
#####.#...####.....>...####...
#.##.## ##.......## ##.#
#.##########.....## ### #.#
#.........## #.# #.#####..##
##### #.# #.# #..# #....
#.#####.#####..# #.###
#........@.##..## #.#
#######.##O##O..## #.#
#.##.#.....#####.#
#.##.##..........#
#..........#######
####......## #####.## ###


You could see an ogre.

Vanquished Creatures
  A water moccasin (D:5)
  Duvessa (D:5)
  A black bear (D:5)
  An ogre (D:5)
  A phantom (D:5)
  A scorpion (D:5)
  3 wights
  Dowan (D:5)
  3 hounds
  2 jellies
  4 iguanas
  3 orc wizards (D:4)
  Robin (D:3)
  3 adders
  4 gnolls (D:4)
  4 shadow imps
  2 white imps
  3 worms
  6 orcs
  8 ball pythons
  5 bats
  10 endoplasms
  A giant cockroach (D:2)
  12 goblins
  8 hobgoblins
  4 jackals (D:3)
  3 quokkas
  8 frilled lizards
  8 kobolds
  4 rats
116 creatures vanquished.

Vanquished Creatures (others)
  A plant (D:3)
1 creature vanquished.

Grand Total: 117 creatures vanquished

Notes
Turn   | Place    | Note
-------+----------+-------------------------------------------
     0 | D:1      | CryoSword the Tengu Air Elementalist began the quest for
                  | the Orb.
     0 | D:1      | Reached XP level 1. HP: 10/10 MP: 4/4
   219 | D:1      | Reached XP level 2. HP: 15/15 MP: 3/6
   722 | D:1      | Reached XP level 3. HP: 19/19 MP: 4/7
   902 | D:1      | Learned a level 2 spell: Static Discharge
   906 | D:1      | Learned a level 3 spell: Swiftness
  1881 | D:2      | Reached skill level 5 in Air Magic
  2438 | D:3      | Reached XP level 4. HP: 24/24 MP: 4/8
  2696 | D:3      | Found a blossoming altar of Fedhas.
  3087 | D:3      | Found a bloodstained altar of Trog.
  3119 | D:3      | Noticed Robin
  3124 | D:3      | Killed Robin
  3340 | D:4      | Gained mutation: Your magical nature lets you fly swiftly
                  | and evasively. [Tengu growth]
  3340 | D:4      | Reached XP level 5. HP: 22/28 MP: 2/9
  3734 | D:4      | Found a snail-covered altar of Cheibriados.
  3909 | D:4      | Reached skill level 6 in Air Magic
  4133 | D:4      | Reached XP level 6. HP: 32/32 MP: 1/10
  4142 | D:4      | Reached skill level 5 in Conjurations
  4789 | D:5      | Entered Level 5 of the Dungeon
  4813 | D:5      | Noticed a black bear
  4943 | D:5      | Found Pikhleuno's Vocational Training.
  5042 | D:5      | Reached skill level 7 in Air Magic
  5042 | D:5      | Reached XP level 7. HP: 31/36 MP: 0/11
  5177 | D:5      | Found a broken altar of Ashenzari.
  5467 | D:5      | Reached skill level 8 in Air Magic
  5714 | D:5      | Noticed Duvessa
  5715 | D:5      | Noticed Dowan
  5725 | D:5      | Killed Duvessa
  5726 | D:5      | Reached XP level 8. HP: 27/41 MP: 1/12
  5729 | D:5      | Killed Dowan
  6188 | D:5      | Reached skill level 5 in Dodging
  6312 | D:5      | Identified the +1 robe of the Sun {Int-5 Dex+4}
  6448 | D:5      | Learned a level 4 spell: Airstrike
  6994 | D:5      | Reached skill level 9 in Air Magic
  7201 | D:5      | Mangled by an ogre

Illustrated notes

Levels and vault maps discovered:
D:1:      dpeg_arrival_tiny_k, layout_loops_ring
D:2:      layout_loops_corners
D:3:      layout_basic, mainiacjoe_overflow_alcove_4, fedhas_ov_isle_minmay,
          minmay_strange_pillars, minmay_box_of_dots, uniq_robin
D:4:      layout_cave_pods, mainiacjoe_overflow_small_starburst,
          grunt_ministairs_10, kennysheep_nub, patterned_corridor
D:5:      layout_loops_corners, evilmike_ruin_ashenzari,
          nicolae_shop_vocational, uniq_duvessa
D:6:      layout_rooms, mainiacjoe_overflow_24_doors, kennysheep_little_box,
          minmay_temple_entry_proselytizer, serial_shops, shop

Skill      XL: |  1  2  3  4  5  6  7  8 |
---------------+-------------------------+-----
Conjurations   | 2 3 4 5 7 8 |  8.3
Air Magic      | 5 6 7 8 9 |  9.2
Dodging        | 3 4 5 |  5.2
Stealth        | |  2.0
Spellcasting   | |  2.0

Action                     |  1- 3 |  4- 6 |  7- 9 || total
---------------------------+-------+-------+-------++-------
  Melee: Dagger            |     2 |    18 |     8 ||    28
         Kick              |     2 |     8 |     3 ||    13
         Peck              |       |     1 |     1 ||     2
         Punch             |       |       |     1 ||     1
   Cast: Shock             |    93 |    98 |    53 ||   244
         Static Discharge  |     1 |    12 |    23 ||    36
         Airstrike         |       |       |     5 ||     5
         Swiftness         |       |       |     1 ||     1
  Evoke: Wand              |       |       |     1 ||     1
    Use: Scroll            |       |     5 |     3 ||     8
 Armour: Robe              |     2 |     1 |       ||     3
         Animal skin       |       |     2 |     8 ||    10
  Dodge: Dodged            |     2 |    25 |    33 ||    60

Table legend: (Time is in decaauts)
 A = Elapsed time spent in this place.
 B = Non-inter-level travel time spent in this place.
 C = Inter-level travel time spent in this place.
 D = Time resting spent in this place.
 E = Time spent auto-exploring this place.
 F = Levels seen in this place.
 G = Mean time per level.
                   A        B        C        D        E       F      G
               +--------+--------+--------+--------+--------+-----+--------+
         Total |   7019 |   6689 |    330 |    401 |   5534 |   6 | 1169.8 |
       Dungeon |   7019 |   6689 |    330 |    401 |   5534 |   6 | 1169.8 |
               +--------+--------+--------+--------+--------+-----+--------+

Top non-repeatable levels by time:
     D:5: 2030 daAuts
     D:4: 1431 daAuts
     D:1: 1167 daAuts
     D:2: 1109 daAuts
     D:3: 1047 daAuts
     D:6: 233 daAuts
